AoeStats
← GAX | Urubu

Pilgrims

508796348Analyzed
4v4 RM · 9d ago on Sep 24, 2026· 48m 15s· 8 players
Game mode
Random Map
Map size
Large (8 player)
Population
200
Speed
Normal
Resources
Standard
Victory
Conquest
Starting age
Dark Age
Ending age
Imperial Age
RankedLock teamsTeams togetherTeam positionsShared explorationLock speedFull tech treeHidden civsTurbo modeCheats
Victory
Defeat
🇲🇽 Saxons · Mexico
1647
+10
🇧🇷 Muisca · Brazil
1572
+12
🇵🇪 Slavs · Peru
1558
+13
🇲🇽 Varangians · Mexico
1527
+14
🇬🇧 Varangians · United Kingdom
1535
-14
🇺🇸 Danes · United States
1488
-12
🇸🇬 Portuguese · Singapore
1484
-12
🇺🇸 Saxons · United States
1463
-11
eloysuarez93
5:03 Loom
11:42 Feudal Age
13:06 Double-Bit Axe
14:02 Fletching
18:27 Castle Age
16:52 Horse Collar
19:16 Bodkin Arrow
23:10 Fishing Lines
25:19 Ballistics
25:14 Medium Warships
27:25 Heavy Plow
30:44 Bow Saw
31:27 Town Watch
33:04 Wheelbarrow
35:14 Hand Cart
37:50 Imperial Age
35:27 Gold Mining
35:28 Stone Mining
36:55 Scale Barding Armor
37:01 Forging
39:09 Conscription
40:31 Stone Shaft Mining
40:23 Chain Barding Armor
40:39 Iron Casting
43:20 Plate Barding Armor
43:07 Bloodlines
42:58 Husbandry
45:06 Two-Man Saw
44:36 Crop Rotation
46:39 Blast Furnace
46:28 Siege Engineers
46:44 Town Patrol
46:36 Elite Jarl
49:23 Chemistry
48:34 Masonry
SimmaHem7912
11:34 Feudal Age
12:26 Double-Bit Axe
17:14 Castle Age
15:45 Fletching
16:06 Gold Mining
16:15 Fishing Lines
17:56 Bodkin Arrow
18:24 Bow Saw
18:36 Loom
23:03 Wheelbarrow
23:39 Gillnets
26:11 Medium Warships
25:59 Town Watch
27:25 Careening
27:25 Siphons
27:53 Forging
30:03 Iron Casting
34:35 Imperial Age
32:07 Scale Mail Armor
33:31 Hand Cart
33:08 Stone Mining
33:08 Horse Collar
35:54 Heavy Warships
37:23 Conscription
38:31 Dry Dock
39:10 Chain Mail Armor
40:02 Heavy Plow
41:20 Plate Mail Armor
41:00 Shield Wall
42:26 Ballistics
42:49 Squires
42:35 Arson
43:56 Elite Hearth Troop
45:40 Elite Longship
47:15 Bracer
Yisaac
9:17 Feudal Age
14:24 Castle Age
12:57 Forging
14:47 Scale Barding Armor
14:42 Double-Bit Axe
16:20 Loom
16:58 Chain Barding Armor
20:07 Horse Collar
23:34 Town Watch
29:23 Heavy Plow
33:02 Imperial Age
31:23 Wheelbarrow
31:58 Bloodlines
32:53 Husbandry
33:45 Iron Casting
34:03 Gold Mining
34:03 Stone Mining
34:59 Plate Barding Armor
36:19 Blast Furnace
34:44 Cavalier
37:24 Blast Furnace
37:03 Detinets
37:41 Conscription
36:59 Light Cavalry
38:58 Bow Saw
43:56 Gold Shaft Mining
46:54 Heavy Scorpion
48:37 Siege Engineers
49:34 Chemistry
GAX | Urubu
6:10 Loom
11:59 Feudal Age
15:35 Castle Age
15:23 Double-Bit Axe
15:29 Stone Mining
20:08 Horse Collar
25:57 Sanctity
25:46 Gold Mining
29:24 Wheelbarrow
31:59 Imperial Age
30:28 Pikeman
31:13 Squires
31:23 Scale Mail Armor
33:09 Conscription
33:14 Block Printing
34:21 Atonement
34:30 Devotion
34:55 Bow Saw
35:42 Fletching
36:39 Chain Mail Armor
37:50 Theocracy
39:29 Forging
46:04 Conscription
46:46 Padded Archer Armor
46:41 Bodkin Arrow
46:09 Elite Guecha Warrior
47:14 Heavy Plow
48:34 Bracer
48:49 Leather Archer Armor
49:01 Ballistics
[TSU] CJ the Strategos
7:38 Loom
11:18 Feudal Age
19:11 Double-Bit Axe
21:37 Fishing Lines
25:55 Castle Age
23:47 Horse Collar
26:42 Wheelbarrow
28:16 Town Watch
29:43 Fletching
35:15 Bodkin Arrow
36:56 Hand Cart
41:12 Clinker Construction
44:26 Imperial Age
44:40 Imperial Age
42:22 Scale Mail Armor
43:23 Squires
43:05 Pikeman
44:46 Halberdier
46:00 Chain Mail Armor
47:30 Heavy Plow
[TSU] MrFluffyBunny
5:58 Loom
13:10 Feudal Age
15:03 Fishing Lines
15:22 Double-Bit Axe
17:49 Castle Age
16:02 Bloodlines
16:11 Scale Barding Armor
16:16 Forging
19:01 Chain Barding Armor
19:16 Iron Casting
18:44 Husbandry
19:17 Gillnets
21:33 Gold Mining
22:25 Wheelbarrow
24:19 Horse Collar
26:29 Hand Cart
26:59 Heavy Plow
29:56 Vendel Legacy
32:31 Pikeman
34:55 Squires
36:30 Bow Saw
36:22 Scale Mail Armor
42:38 Imperial Age
42:53 Halberdier
43:08 Elite Varangian Guard
43:35 Arson
44:06 Chain Mail Armor
47:57 Plate Mail Armor
[TSU] IAmTheWalrus
7:39 Loom
10:17 Feudal Age
11:24 Double-Bit Axe
18:54 Forging
19:01 Town Watch
21:55 Castle Age
21:03 Gold Mining
23:13 Wheelbarrow
22:57 Medium Warships
23:11 Bow Saw
24:05 Careening
24:46 Horse Collar
31:02 Heavy Plow
32:56 Iron Casting
34:16 Scale Barding Armor
37:27 Hand Cart
40:39 Imperial Age
38:21 Scale Mail Armor
39:03 Ballistics
39:05 Fletching
38:52 Pikeman
39:33 Squires
39:52 Masonry
39:21 Crossbowman
40:24 Bodkin Arrow
40:31 Padded Archer Armor
41:37 Gold Shaft Mining
41:29 Thumb Ring
41:36 Arbalester
43:00 Bracer
43:15 Leather Archer Armor
43:16 Chain Mail Armor
43:33 Architecture
45:32 Leather Archer Armor
45:48 Plate Mail Armor
48:31 Ring Archer Armor
49:23 Chemistry
[TSU] gamerisdc
7:13 Loom
10:09 Feudal Age
11:18 Town Watch
11:21 Double-Bit Axe
15:26 Fletching
17:00 Wheelbarrow
18:30 Gold Mining
22:51 Castle Age
27:07 Castle Age
28:23 Medium Warships
31:46 Bow Saw
32:23 Sanctity
35:38 Bodkin Arrow
37:25 Horse Collar
42:39 Hand Cart
48:46 Imperial Age
Connection lost

Rejoining the realm…

Still unreachable

The connection could not be restored.

Session expired

The server has moved on; the page needs a fresh start.